 Dungeon Sprint DCSS version 0.30.1-11-g7821555f0a (webtiles) character file.

Game seed: 14095604872519746464

82 Heoruswealwe the Trooper (level 4, -3/44 HPs)
             Began as a Hill Orc Fighter on Dec 8, 2023.
             Slain by a human
             ... wielding a +0 dagger
              (7 damage)
             ... in the Dungeon (Sprint III: "The Ten Rune Challenge").
             The game lasted 00:02:03 (219 turns).

Heoruswealwe the Trooper (Hill Orc Fighter)          Turns: 219, Time: 00:02:04

Health: -3/44      AC:  7    Str: 20    XL:     4   Next: 43%
Magic:  4/4        EV:  9    Int:  8    God:
Gold:   29         SH:  5    Dex: 10    Spells: 3/3 levels left

rFire   . . .        a - +0 war axe
rCold   . . .        d - +0 buckler
rNeg    . . .        c - +0 scale mail
rPois   .            (no helmet)
rElec   .            (no cloak)
rCorr   .            (no gloves)
SInv    .            (no boots)
Will    .....        (no amulet) Stlth
                     (no ring)
HPRegen 0.27/turn    (no ring)
MPRegen 0.09/turn

%: no teleportation
@: no status effects
A: no striking features
a: no special abilities


You were in the Dungeon.
You visited 1 branch You collected 29 gold pieces.

Inventory:

Hand Weapons
 a - a +0 war axe (weapon)
Armour
 c - a +0 scale mail (worn)
 d - a +0 buckler (worn)
Scrolls
 j - a scroll of blinking
 l - a scroll of poison {unknown}
 m - 4 scrolls of identify
 o - a scroll of torment {unknown}
Potions
 e - a potion of curing
 h - 2 potions of magic
 i - 3 potions of mutation {unknown}
 k - a potion of ambrosia {unknown}
 n - 5 potions of flight


   Skills:
 + Level 6.1 Fighting
 + Level 6.0 Axes
 + Level 5.5 Armour
 + Level 5.6 Shields


You had 3 spell levels left.
You didn't know any spells.
Your spell library was empty.

Dungeon Overview and Level Annotations

Branches:
Dungeon (1/1)

Altars:
Okawaru
Trog
Uskayaw
Wu Jian
Beogh


Message History

You destroy the water elemental!
The water engulfing you falls away.
You gasp with relief as air once again reaches your lungs.
Your Fighting skill increases to level 6!
Your Axes skill gained 2 levels and is now at level 6!
Your Armour skill increases to level 5!
Your Shields skill increases to level 5!
You have reached level 4!
There is an open door to the Ecumenical Temple here.
There is a fountain of clear blue water here.
You start resting.
Your extra speed is starting to run out.
You start resting.
You feel yourself slow down.
You start resting.
You feel a little less mighty now.
You start resting.
HP restored.
You open the door.
A human comes into view.
The human shouts!
You hear a shout!
Found a robe.
Found five altars.
A human comes into view. It is wielding a +0 dagger.
You barely miss the human. You block the human's attack.
You barely miss the human.
The human drinks a potion.
The human goes berserk!
The human drinks a potion.
The human seems to grow stronger.
You closely miss the human. The human hits you. The human hits you!
You closely miss the human. You miss the human. The human hits you!
The human completely misses you.
You slash the human!
The human is moderately wounded.
You closely miss the human. The human hits you with a +0 dagger!
The human hits you but does no damage. The human hits you with a +0 dagger.
* * * LOW HITPOINT WARNING * * *
You hit the human but do no damage.
The human is moderately wounded.
You barely miss the human. You block the human's attack. The human hits you!
* * * LOW HITPOINT WARNING * * *
The human hits you with a +0 dagger!
You die...

▓▓ ▓▓▓ .#### ##.# #####
....#####..# #___
.....#..#..# #__
##...#..#..###+#p###+##
###..##'#..#....@p....#
.##..###...'.⌠........#
##..####...#...######+#
##..###....#.⌠.#
#...##.....#...#
....#......#+###
..##.#.....#
..#####....# ▓▓▓ ▓▓▓▓▓▓


You could see 2 humans.

Vanquished Creatures
  A water elemental (D)
  A human (D)
  A phantom (D)
  2 endoplasms (D)
  2 rats (D)
7 creatures vanquished.

Notes
Turn   | Place    | Note
-------+----------+-------------------------------------------
     0 | D        | Heoruswealwe the Hill Orc Fighter began the quest for the
                  | Orb.
     0 | D        | Reached XP level 1. HP: 19/19 MP: 1/1
    65 | D        | Reached XP level 2. HP: 28/28 MP: 2/2
    71 | D        | Reached skill level 5 in Fighting
    71 | D        | Reached XP level 3. HP: 35/36 MP: 3/3
    99 | D        | Noticed a water elemental
   109 | D        | Killed a water elemental
   110 | D        | Reached skill level 5 in Armour
   110 | D        | Reached skill level 5 in Shields
   110 | D        | Reached XP level 4. HP: 21/44 MP: 4/4
   211 | D        | Found a hide-covered altar of Uskayaw.
   211 | D        | Found a roughly hewn altar of Beogh.
   211 | D        | Found an iron altar of Okawaru.
   211 | D        | Found a bloodstained altar of Trog.
   211 | D        | Found an ornate altar of the Wu Jian Council.
   211 | D        | Noticed a human
   212 | D        | Noticed a human
   219 | D        | Slain by a human

Illustrated notes

Levels and vault maps discovered:
D:        dungeon_sprint_mu [sprint_mu_entry_cave, sprint_mu_temple_rooms,
          sprint_mu_d1_horrors, sprint_mu_d2_genie, sprint_mu_d3_branching,
          sprint_mu_orc_legion, sprint_mu_elf_gauntlet, sprint_mu_hive_nellie,
          sprint_mu_lair_fedhas, sprint_mu_vaults_butterflies,
          sprint_mu_slime_circle, sprint_mu_swamp_cave, sprint_mu_snake_twists,
          sprint_mu_blade_basic, sprint_mu_crypt_lich, sprint_mu_tomb_spiral,
          sprint_mu_vestibule_basic, sprint_mu_gehenna_hellfire,
          sprint_mu_dis_giant, sprint_mu_tartarus_statrot,
          sprint_mu_cocytus_islands, sprint_mu_zot1]

Skill      XL: |  1  2  3 |
---------------+----------+-----
Axes           | 4 6 |  6.0
Fighting       | 4 5 6 |  6.1
Armour         | 4 5 |  5.5
Shields        | 4 5 |  5.6

Action                     |  1- 3 |  4- 6 || total
---------------------------+-------+-------++-------
  Melee: War axe           |    22 |     7 ||    29
    Use: Potion            |     4 |       ||     4
 Armour: Scale mail        |     4 |     1 ||     5
  Dodge: Dodged            |     4 |     1 ||     5
  Block: Buckler           |     8 |     2 ||    10
